Lowell Devils vs Calgary Hitman

Created - 10 mai 2019 at 08:16

Goals
1 2 3 T
Lowell Devils 1 1 0 2
Calgary Hitman 0 2 2 4
Shots
1 2 3 T
Lowell Devils 9 22 8 39
Calgary Hitman 12 14 11 37

1st period

1. Lowell Devils , Jordan Szwarz 4 (Trevor Smith 12) at 8:30 (SH)

Penalties :
Andy Welinski (DEV) for Roughing (Minor) at 6:35, J.T. Brown (HIT) for Interference (Minor) at 12:00

2nd period

2. Lowell Devils , Adam Gaudette 8 (Sam Anas 7) at 0:16
3. Calgary Hitman , Nick Lappin 13 (T.J. Brennan 2, Dennis Rasmussen 11) at 12:26
4. Calgary Hitman , Marcus Sorensen 10 (Dennis Rasmussen 12) at 14:25

Penalties :
No Penalty

3rd period

5. Calgary Hitman , J.T. Brown 1 (Joe Gambardella 2) at 5:15
6. Calgary Hitman , Travis Morin 5 (Spencer Abbott 9) at 19:52 (Empty Net)

Penalties :
No Penalty

Goalie Stats

Cal Petersen (DEV), 33 saves from 36 shots - (0,917), L, 10-2-1, 59:50 minutes
Garret Sparks (HIT), 37 saves from 39 shots - (0,949), W, 9-5-1, 60:00 minutes

Players Stats for Lowell Devils

Player Name              G  A  P  +/- PIM S  H  SB GA TA FO     MP     PP MP  PK MP  
------------------------------------------------------------------------------------
Adam Gaudette            1  0  1   0  0   3  0  0  0  0  1/2    17:54   0:55   0:00 
Andreas Borgman          0  0  0  -1  0   4  1  1  1  0  0/0    25:03   1:05   1:12 
Andrew Mangiapane        0  0  0   0  0   1  1  0  1  0  0/0     8:26   0:00   0:00 
Andy Welinski            0  0  0  -1  2   0  0  3  0  1  0/0    20:05   0:54   0:00 
C.J. Smith               0  0  0   0  0   5  1  0  0  0  2/2    10:33   0:07   0:00 
Chris Terry              0  0  0  -1  0   1  1  0  0  1  1/1    18:54   0:55   0:00 
Conor Garland            0  0  0   0  0   0  0  2  0  0  0/1     8:26   0:00   0:00 
Dan Renouf               0  0  0  -1  0   2  1  1  0  0  0/0    14:24   0:00   0:00 
Daniel O'Regan           0  0  0   0  0   1  0  0  1  0  0/0    10:16   0:00   0:00 
Gavin Bayreuther         0  0  0   0  0   0  0  2  1  0  0/0    15:11   0:00   0:47 
Gerald Mayhew            0  0  0   0  0   0  0  0  0  0  0/1     8:26   0:00   0:00 
Jordan Szwarz            1  0  1  -2  0   6  1  0  0  2  0/0    22:30   1:00   1:19 
Kevin Connauton          0  0  0  -1  0   5  0  2  2  1  0/0    25:03   1:05   1:12 
Mason Appleton           0  0  0  -2  0   6  2  1  0  0  1/2    20:42   1:01   0:40 
Sam Anas                 0  1  1   0  0   0  0  1  2  0  13/21  18:34   0:55   0:40 
Trevor Murphy            0  0  0   0  0   2  1  1  0  2  0/0    20:33   0:54   0:47 
Trevor Smith             0  1  1  -2  0   3  1  1  0  0  12/24  22:33   1:03   1:19 
Tyler Gaudet             0  0  0   0  0   0  1  0  0  0  4/7    10:27   0:01   0:00 

Players Stats for Calgary Hitman

Player Name              G  A  P  +/- PIM S  H  SB GA TA FO     MP     PP MP  PK MP  
------------------------------------------------------------------------------------
Andrej Sustr             0  0  0   0  0   2  1  2  0  0  0/0    22:12   0:00   1:06 
Calvin Thurkauf          0  0  0   0  0   0  2  0  0  0  2/3     9:09   0:00   0:31 
Chris Conner             0  0  0   0  0   2  1  0  1  0  0/0     8:38   0:00   0:00 
Dennis Rasmussen         0  2  2   1  0   1  0  2  0  0  15/31  20:37   0:47   0:53 
J.T. Brown               1  0  1   2  2   4  4  0  0  0  0/0    13:54   0:00   0:00 
Jakub Jerabek            0  0  0   2  0   1  1  1  0  1  0/0    19:46   1:00   0:53 
Jannik Hansen            0  0  0   0  0   1  3  0  1  0  0/0    15:09   0:47   0:00 
Joe Gambardella          0  1  1   1  0   2  1  0  1  1  3/9    12:52   0:00   0:00 
Kevin Gravel             0  0  0   1  0   0  0  4  0  1  0/0    16:46   1:00   0:00 
Liam O'Brien             0  0  0   0  0   2  0  0  0  0  0/0     9:09   0:00   0:31 
Marcus Sorensen          1  0  1   1  0   5  4  1  2  1  0/0    20:37   0:47   0:53 
Matt Bartkowski          0  0  0   0  0   1  1  2  0  1  0/0    20:17   0:00   1:06 
Matt Taormina            0  0  0   0  0   0  1  4  0  1  0/0    18:02   0:59   0:00 
Nick Lappin              1  0  1   0  0   6  1  0  0  0  2/3    20:33   1:12   0:00 
Spencer Abbott           0  1  1   0  0   3  2  0  2  2  0/1    17:15   1:12   0:35 
T.J. Brennan             0  1  1   1  0   1  2  4  0  0  0/0    22:57   0:59   0:53 
Travis Morin             1  0  1   0  0   2  2  0  0  0  5/14   17:15   1:12   0:35 
Trevor Moore             0  0  0   1  0   4  2  1  0  0  0/0    12:52   0:00   0:00 

3 Stars

1 - Garret Sparks (HIT)
2 - Marcus Sorensen (HIT)
3 - J.T. Brown (HIT)

Power Play

Lowell Devils - 0 on 1 Attempt(s) - 0,00%
Calgary Hitman - 0 on 1 Attempt(s) - 0,00%

Penalty Kill

Lowell Devils - 1 on 1 Attempt(s) - 100,00% - Score 1 goal in Penalty Kill
Calgary Hitman - 1 on 1 Attempt(s) - 100,00% - Score 0 goal in Penalty Kill

Team Stat

Lowell Devils - Hits : 11 - Faceoff Wins : 34 - Blocked Shots : 15 - Penalty Minutes : 2
Calgary Hitman - Hits : 28 - Faceoff Wins : 27 - Blocked Shots : 21 - Penalty Minutes : 2

Official

Referees : Kendrick Nicholson and Trevor Hanson
Linesman : Mike Cvik and Mark Wheler

Game Notes

Travis Morin has scored in a empty net!

Finance

Level 1 -- Attendance: 2000 (100,00%) -- Ticket Income 70 000 $
Level 2 -- Attendance: 1000 (100,00%) -- Ticket Income 15 000 $
Total Attendance: 3000 (100,00%)
Total Ticket Income: 85 000 $
Other Income: 41 650 $
Total Income: 126 650 $

Lowell Devils

5 vs 5 Forward 
   Center                   Left Wing                Right Wing               Time % Phy DF OF 
 1 Trevor Smith             Mason Appleton           Jordan Szwarz            40     0   1  4  
 2 Sam Anas                 Adam Gaudette            Chris Terry              35     0   1  4  
 3 Tyler Gaudet             Daniel O'Regan           C.J. Smith               19     0   1  4  
 4 Gerald Mayhew            Andrew Mangiapane        Conor Garland            6      1   2  2  

5 vs 5 Defense 
   Defense                  Defense                                           Time % Phy DF OF 
 1 Kevin Connauton          Andreas Borgman                                   40     1   3  1  
 2 Andy Welinski            Trevor Murphy                                     30     1   3  1  
 3 Dan Renouf               Gavin Bayreuther                                  20     1   3  1  
 4 Kevin Connauton          Andreas Borgman                                   10     1   3  1  

PowerPlay Forward 
   Center                   Left Wing                Right Wing               Time % Phy DF OF 
 1 Trevor Smith             Mason Appleton           Jordan Szwarz            60     0   0  5  
 2 Sam Anas                 Adam Gaudette            Chris Terry              40     0   0  5  

PowerPlay Defense
   Defense                  Defense                                           Time % Phy DF OF 
 1 Kevin Connauton          Andreas Borgman                                   60     0   0  5  
 2 Andy Welinski            Trevor Murphy                                     40     0   0  5  

Penalty Kill 4 Players Forward 
   Center                   Wing                     Time % Phy DF OF 
 1 Trevor Smith             Jordan Szwarz            60     1   3  1  
 2 Mason Appleton           Sam Anas                 40     1   3  1  

Penalty Kill 4 Players Defense
   Defense                  Defense                  Time % Phy DF OF 
 1 Kevin Connauton          Andreas Borgman          60     1   4  0  
 2 Andy Welinski            Trevor Murphy            40     1   4  0  

Penalty Kill - 3 Players Forward 
   Forward                                           Time % Phy DF OF 
 1 Trevor Smith                                      60     1   4  0  
 2 Tyler Gaudet                                      40     1   4  0  

Penalty Kill - 3 Players Defense
   Defense                  Defense                  Time % Phy DF OF 
 1 Kevin Connauton          Andreas Borgman          60     1   4  0  
 2 Andy Welinski            Trevor Murphy            40     1   4  0  

4 vs 4 Forward 
   Center                   Wing                     Time % Phy DF OF 
 1 Trevor Smith             Mason Appleton           60     0   1  4  
 2 Mason Appleton           Sam Anas                 40     0   1  4  

4 vs 4 Defense
   Defense                  Defense                  Time % Phy DF OF 
 1 Kevin Connauton          Andreas Borgman          60     1   2  2  
 2 Andy Welinski            Trevor Murphy            40     1   2  2  

Last Minutes Offensive
   Center                   Left Wing                Right Wing               Defense                  Defense                  
   Trevor Smith             Jordan Szwarz            Chris Terry              Kevin Connauton          Andreas Borgman          

Last Minutes Defensive
   Center                   Left Wing                Right Wing               Defense                  Defense                  
   Trevor Smith             Jordan Szwarz            Chris Terry              Kevin Connauton          Andreas Borgman          

Goaltenders
Starting : Cal Petersen             
Backup : Collin Delia             

Extra Forwards
Normal : C.J. Smith, Tyler Gaudet, Daniel O'Regan - PP : C.J. Smith, Tyler Gaudet - PK : Daniel O'Regan
Extra Defensemen
Normal : Dan Renouf, Gavin Bayreuther, Andy Welinski - PP : Dan Renouf - PK : Gavin Bayreuther, Andy Welinski
Penalty Shots
Trevor Smith, Chris Terry, Mason Appleton, Sam Anas, Adam Gaudette

Scratches
Griffin Reinhart (Healthy), Nathan Noel (Healthy), Spencer Watson (Healthy), Stepan Falkovsky (Healthy)

Calgary Hitman

5 vs 5 Forward 
   Center                   Left Wing                Right Wing               Time % Phy DF OF 
 1 Dennis Rasmussen         Marcus Sorensen          Nick Lappin              40     0   1  4  
 2 Travis Morin             Jannik Hansen            Spencer Abbott           30     0   2  3  
 3 Joe Gambardella          J.T. Brown               Trevor Moore             20     0   3  2  
 4 Calvin Thurkauf          Chris Conner             Liam O'Brien             10     1   2  2  

5 vs 5 Defense 
   Defense                  Defense                                           Time % Phy DF OF 
 1 Andrej Sustr             Matt Bartkowski                                   40     1   2  2  
 2 Jakub Jerabek            T.J. Brennan                                      30     1   2  2  
 3 Kevin Gravel             Matt Taormina                                     20     1   2  2  
 4 Andrej Sustr             T.J. Brennan                                      10     1   2  2  

PowerPlay Forward 
   Center                   Left Wing                Right Wing               Time % Phy DF OF 
 1 Travis Morin             Spencer Abbott           Nick Lappin              60     1   2  2  
 2 Dennis Rasmussen         Jannik Hansen            Marcus Sorensen          40     1   2  2  

PowerPlay Defense
   Defense                  Defense                                           Time % Phy DF OF 
 1 T.J. Brennan             Matt Taormina                                     60     1   2  2  
 2 Kevin Gravel             Jakub Jerabek                                     40     1   2  2  

Penalty Kill 4 Players Forward 
   Center                   Wing                     Time % Phy DF OF 
 1 Dennis Rasmussen         Marcus Sorensen          60     1   2  2  
 2 Calvin Thurkauf          Liam O'Brien             40     1   2  2  

Penalty Kill 4 Players Defense
   Defense                  Defense                  Time % Phy DF OF 
 1 Andrej Sustr             Matt Bartkowski          60     1   2  2  
 2 Jakub Jerabek            T.J. Brennan             40     1   2  2  

Penalty Kill - 3 Players Forward 
   Forward                                           Time % Phy DF OF 
 1 Dennis Rasmussen                                  60     1   2  2  
 2 Marcus Sorensen                                   40     1   2  2  

Penalty Kill - 3 Players Defense
   Defense                  Defense                  Time % Phy DF OF 
 1 Andrej Sustr             Matt Bartkowski          60     1   2  2  
 2 Jakub Jerabek            T.J. Brennan             40     1   2  2  

4 vs 4 Forward 
   Center                   Wing                     Time % Phy DF OF 
 1 J.T. Brown               Jannik Hansen            60     1   2  2  
 2 Travis Morin             Nick Lappin              40     1   2  2  

4 vs 4 Defense
   Defense                  Defense                  Time % Phy DF OF 
 1 Andrej Sustr             T.J. Brennan             60     1   2  2  
 2 Matt Bartkowski          Jakub Jerabek            40     1   2  2  

Last Minutes Offensive
   Center                   Left Wing                Right Wing               Defense                  Defense                  
   Travis Morin             Spencer Abbott           Jannik Hansen            T.J. Brennan             Matt Taormina            

Last Minutes Defensive
   Center                   Left Wing                Right Wing               Defense                  Defense                  
   Travis Morin             Dennis Rasmussen         Marcus Sorensen          Andrej Sustr             Jakub Jerabek            

Goaltenders
Starting : Garret Sparks            
Backup : Marek Mazanec            

Extra Forwards
Normal : Nick Lappin, Travis Morin, Spencer Abbott - PP : Marcus Sorensen, Jannik Hansen - PK : J.T. Brown
Extra Defensemen
Normal : Andrej Sustr, Jakub Jerabek, T.J. Brennan - PP : T.J. Brennan - PK : Matt Taormina, Matt Bartkowski
Penalty Shots
Spencer Abbott, Nick Lappin, Joe Gambardella, Chris Conner, Liam O'Brien

Scratches
Philip Holm (Healthy), Jack Dougherty (Healthy), Mitch Callahan (Healthy), Max Reinhart (Healthy), Cody Goloubef (Healthy)
Jeff Glass (Healthy)

% Time on Ice - Lowell Devils

Lines # - Real PCT - Wanted PCT - Time Play
Normal Forward
1 - 35% - 40% - 19:21
2 - 31% - 35% - 16:59
3 - 19% - 19% - 10:16
4 - 15% - 6% - 8:26
Normal Defense
1 - 37% - 40% - 20:31
2 - 34% - 30% - 18:52
3 - 24% - 20% - 13:24
4 - 4% - 10% - 2:15
PP Forward
1 - 54% - 60% - 1:04
2 - 46% - 40% - 0:55
PP Defense
1 - 55% - 60% - 1:05
2 - 45% - 40% - 0:54
PK Forward
1 - 66% - 60% - 1:19
2 - 34% - 40% - 0:40
PK Defense
1 - 61% - 60% - 1:12
2 - 39% - 40% - 0:47
PK3 Forward
1 - 0% - 60%
2 - 0% - 40%
PK3 Defense
1 - 0% - 60%
2 - 0% - 40%
44 Forward
1 - 0% - 60%
2 - 0% - 40%
44 Defense
1 - 0% - 60%
2 - 0% - 40%
Last Minute Offensive  - 1:00
Last Minute Defensive  - 0:00
Total
Forward - 60:00
Defense - 60:00

% Time on Ice - Calgary Hitman

Lines # - Real PCT - Wanted PCT - Time Play
Normal Forward
1 - 35% - 40% - 19:14
2 - 26% - 30% - 14:22
3 - 23% - 20% - 12:52
4 - 16% - 10% - 8:38
Normal Defense
1 - 36% - 40% - 19:49
2 - 32% - 30% - 17:53
3 - 27% - 20% - 14:50
4 - 5% - 10% - 2:34
PP Forward
1 - 61% - 60% - 1:12
2 - 39% - 40% - 0:47
PP Defense
1 - 50% - 60% - 0:59
2 - 50% - 40% - 1:00
PK Forward
1 - 74% - 60% - 1:28
2 - 26% - 40% - 0:31
PK Defense
1 - 55% - 60% - 1:06
2 - 45% - 40% - 0:53
PK3 Forward
1 - 0% - 60%
2 - 0% - 40%
PK3 Defense
1 - 0% - 60%
2 - 0% - 40%
44 Forward
1 - 0% - 60%
2 - 0% - 40%
44 Defense
1 - 0% - 60%
2 - 0% - 40%
Last Minute Offensive  - 0:00
Last Minute Defensive  - 0:56
Total
Forward - 60:00
Defense - 60:00

Play-by-Play

1st period


0:01 of 1st period - Trevor Smith wins face-off versus Dennis Rasmussen in neutral zone.
0:14 of 1st period - Wrist shot by Nick Lappin.
0:14 of 1st period - Stopped by Cal Petersen without a rebound.
0:15 of 1st period - Travis Morin wins face-off versus Sam Anas in Lowell Devils zone.
0:49 of 1st period - Trevor Murphy is hit by Spencer Abbott and loses puck.
1:50 of 1st period - Snap shot by Chris Terry.
1:50 of 1st period - Shot Misses the Net.
1:52 of 1st period - Slapshot by Dan Renouf.
1:52 of 1st period - Stopped by Garret Sparks with a rebound.
1:54 of 1st period - Slapshot by Dan Renouf.
1:54 of 1st period - Stopped by Garret Sparks with a rebound.
1:56 of 1st period - Wrist shot by Sam Anas.
1:56 of 1st period - Deflect By Chris Terry.
1:56 of 1st period - Shot Blocked by Matt Taormina.
1:56 of 1st period - Puck is out of play.
1:57 of 1st period - Dennis Rasmussen wins face-off versus Trevor Smith in Calgary Hitman zone.
2:08 of 1st period - Kevin Connauton is hit by Andrej Sustr and loses puck.
2:25 of 1st period - Snap shot by Liam O'Brien.
2:25 of 1st period - Shot Misses the Net.
2:27 of 1st period - Snap shot by Matt Taormina.
2:27 of 1st period - Shot Blocked by Kevin Connauton.
2:29 of 1st period - Snap shot by Chris Conner.
2:29 of 1st period - Deflect By Liam O'Brien.
2:29 of 1st period - Shot Misses the Net.
2:29 of 1st period - Puck is out of play.
2:30 of 1st period - Sam Anas wins face-off versus Calvin Thurkauf in Lowell Devils zone.
2:35 of 1st period - Snap shot by Chris Conner.
2:35 of 1st period - Shot Misses the Net.
2:37 of 1st period - Wrist shot by Matt Taormina.
2:37 of 1st period - Shot Misses the Net.
2:39 of 1st period - Snap shot by Liam O'Brien.
2:39 of 1st period - Stopped by Cal Petersen with a rebound.
2:41 of 1st period - Wrist shot by Liam O'Brien.
2:41 of 1st period - Shot Misses the Net.
2:54 of 1st period - Slapshot by Calvin Thurkauf.
2:54 of 1st period - Shot Blocked by Sam Anas.
3:14 of 1st period - Wrist shot by Chris Conner.
3:14 of 1st period - Stopped by Cal Petersen with a rebound.
3:58 of 1st period - Wrist shot by Chris Terry.
3:58 of 1st period - Deflect By Adam Gaudette.
3:58 of 1st period - Shot Misses the Net.
3:58 of 1st period - Puck is out of play.
3:59 of 1st period - Dennis Rasmussen wins face-off versus Trevor Smith in Calgary Hitman zone.
4:24 of 1st period - Daniel O'Regan is hit by Spencer Abbott and loses puck.
4:51 of 1st period - Backhand shot by Trevor Moore.
4:51 of 1st period - Stopped by Cal Petersen with a rebound.
5:14 of 1st period - Slapshot by Andreas Borgman.
5:14 of 1st period - Stopped by Garret Sparks without a rebound.
5:15 of 1st period - Dennis Rasmussen wins face-off versus Tyler Gaudet in Calgary Hitman zone.
5:30 of 1st period - Snap shot by Dennis Rasmussen.
5:30 of 1st period - Shot Misses the Net.
5:53 of 1st period - Wrist shot by Trevor Smith.
5:53 of 1st period - Stopped by Garret Sparks with a rebound.
6:03 of 1st period - Andrew Mangiapane is hit by J.T. Brown.
6:13 of 1st period - Slapshot by Andy Welinski.
6:13 of 1st period - Deflect By Andrew Mangiapane.
6:13 of 1st period - Stopped by Garret Sparks without a rebound.
6:14 of 1st period - Trevor Smith wins face-off versus Dennis Rasmussen in Calgary Hitman zone.
6:35 of 1st period - Minor Penalty to Andy Welinski for Roughing.
6:36 of 1st period - Travis Morin wins face-off versus Trevor Smith in Lowell Devils zone.
7:10 of 1st period - Slapshot by Jannik Hansen.
7:10 of 1st period - Stopped by Cal Petersen without a rebound.
7:11 of 1st period - Mason Appleton wins face-off versus Travis Morin in Lowell Devils zone.
7:22 of 1st period - Slapshot by Spencer Abbott.
7:22 of 1st period - Shot Misses the Net.
7:37 of 1st period - Icing by Dennis Rasmussen.
7:38 of 1st period - Trevor Smith wins face-off versus Dennis Rasmussen in Calgary Hitman zone.
7:47 of 1st period - Jordan Szwarz is hit by Jannik Hansen and loses puck.
8:10 of 1st period - Snap shot by Nick Lappin.
8:10 of 1st period - Stopped by Cal Petersen without a rebound.
8:11 of 1st period - Nick Lappin wins face-off versus Mason Appleton in Lowell Devils zone.
8:16 of 1st period - Snap shot by Nick Lappin.
8:16 of 1st period - Deflect By Spencer Abbott.
8:16 of 1st period - Stopped by Cal Petersen without a rebound.
8:17 of 1st period - Trevor Smith wins face-off versus Travis Morin in Lowell Devils zone.
8:30 of 1st period - Snap shot by Jordan Szwarz.
8:30 of 1st period - Goal by Jordan Szwarz - Lowell Devils : 1 - Calgary Hitman : 0.
8:31 of 1st period - Travis Morin wins face-off versus Trevor Smith in neutral zone.
8:35 of 1st period - Penalty to Andy Welinski is over, Andy Welinski is back on ice.
9:10 of 1st period - Snap shot by Chris Terry.
9:10 of 1st period - Shot Blocked by T.J. Brennan.
9:20 of 1st period - Wrist shot by Nick Lappin.
9:20 of 1st period - Stopped by Cal Petersen with a rebound.
9:42 of 1st period - Slapshot by Jannik Hansen.
9:42 of 1st period - Shot Misses the Net.
10:04 of 1st period - Snap shot by Chris Conner.
10:04 of 1st period - Shot Misses the Net.
10:06 of 1st period - Slapshot by Andrej Sustr.
10:06 of 1st period - Shot Blocked by Gavin Bayreuther.
10:18 of 1st period - Gavin Bayreuther is hit by Trevor Moore and loses puck.
10:59 of 1st period - Wrist shot by Spencer Abbott.
10:59 of 1st period - Stopped by Cal Petersen without a rebound.
11:00 of 1st period - Travis Morin wins face-off versus Sam Anas in Lowell Devils zone.
11:30 of 1st period - Snap shot by Jordan Szwarz.
11:30 of 1st period - Shot Misses the Net.
11:32 of 1st period - Wrist shot by Trevor Smith.
11:32 of 1st period - Shot Misses the Net.
12:00 of 1st period - Minor Penalty to J.T. Brown for Interference.
12:01 of 1st period - Trevor Smith wins face-off versus Dennis Rasmussen in Calgary Hitman zone.
12:12 of 1st period - Snap shot by Mason Appleton.
12:12 of 1st period - Stopped by Garret Sparks with a rebound.
13:14 of 1st period - Trevor Smith is hit by Calvin Thurkauf and loses puck.
14:00 of 1st period - Penalty to J.T. Brown is over, J.T. Brown is back on ice.
14:19 of 1st period - Icing by Andrew Mangiapane.
14:20 of 1st period - Travis Morin wins face-off versus Gerald Mayhew in Lowell Devils zone.
14:21 of 1st period - Wrist shot by Spencer Abbott.
14:21 of 1st period - Stopped by Cal Petersen without a rebound.
14:22 of 1st period - Tyler Gaudet wins face-off versus Travis Morin in Lowell Devils zone.
15:51 of 1st period - Jordan Szwarz is hit by Matt Bartkowski and loses puck.
17:02 of 1st period - Icing by T.J. Brennan.
17:03 of 1st period - Joe Gambardella wins face-off versus Adam Gaudette in Calgary Hitman zone.
17:20 of 1st period - Trevor Murphy is hit by J.T. Brown and loses puck.
17:43 of 1st period - Snap shot by Marcus Sorensen.
17:43 of 1st period - Stopped by Cal Petersen without a rebound.
17:44 of 1st period - Tyler Gaudet wins face-off versus Dennis Rasmussen in Lowell Devils zone.
17:53 of 1st period - Jakub Jerabek is hit by Tyler Gaudet and loses puck.
18:09 of 1st period - Snap shot by Andrej Sustr.
18:09 of 1st period - Stopped by Cal Petersen with a rebound.
18:53 of 1st period - Jakub Jerabek is hit by Andrew Mangiapane and loses puck.
19:14 of 1st period - Tyler Gaudet is hit by T.J. Brennan and loses puck.
19:33 of 1st period - Matt Taormina is hit by Trevor Smith.
19:39 of 1st period - Slapshot by Jordan Szwarz.
19:39 of 1st period - Stopped by Garret Sparks with a rebound.
19:43 of 1st period - Wrist shot by Mason Appleton.
19:43 of 1st period - Stopped by Garret Sparks with a rebound.
Goals for this period are 1 for Lowell Devils vs 0 for Calgary Hitman.
Shots for this period are 9 for Lowell Devils vs 12 for Calgary Hitman.

2nd period


0:01 of 2nd period - Trevor Smith wins face-off versus Dennis Rasmussen in neutral zone.
0:10 of 2nd period - Wrist shot by Trevor Smith.
0:10 of 2nd period - Stopped by Garret Sparks with a rebound.
0:12 of 2nd period - Snap shot by Jordan Szwarz.
0:12 of 2nd period - Stopped by Garret Sparks without a rebound.
0:13 of 2nd period - Sam Anas wins face-off versus Dennis Rasmussen in Calgary Hitman zone.
0:16 of 2nd period - Wrist shot by Adam Gaudette.
0:16 of 2nd period - Goal by Adam Gaudette - Lowell Devils : 2 - Calgary Hitman : 0.
0:17 of 2nd period - Trevor Smith wins face-off versus Dennis Rasmussen in neutral zone.
0:20 of 2nd period - Backhand shot by Mason Appleton.
0:20 of 2nd period - Shot Misses the Net.
0:22 of 2nd period - Wrist shot by Kevin Connauton.
0:22 of 2nd period - Shot Blocked by Matt Bartkowski.
0:28 of 2nd period - Andrej Sustr is hit by Jordan Szwarz and loses puck.
0:33 of 2nd period - Backhand shot by Jordan Szwarz.
0:33 of 2nd period - Stopped by Garret Sparks with a rebound.
1:02 of 2nd period - Slapshot by Joe Gambardella.
1:02 of 2nd period - Shot Blocked by Andy Welinski.
1:04 of 2nd period - Wrist shot by Joe Gambardella.
1:04 of 2nd period - Stopped by Cal Petersen with a rebound.
1:06 of 2nd period - Slapshot by J.T. Brown.
1:06 of 2nd period - Shot Misses the Net.
1:19 of 2nd period - Icing by Matt Taormina.
1:20 of 2nd period - Joe Gambardella wins face-off versus Conor Garland in Calgary Hitman zone.
1:51 of 2nd period - Wrist shot by Spencer Abbott.
1:51 of 2nd period - Shot Blocked by Dan Renouf.
2:07 of 2nd period - Andreas Borgman is hit by J.T. Brown and loses puck.
2:23 of 2nd period - Icing by J.T. Brown.
2:24 of 2nd period - Tyler Gaudet wins face-off versus Joe Gambardella in Calgary Hitman zone.
2:29 of 2nd period - Slapshot by Trevor Smith.
2:29 of 2nd period - Deflect By Mason Appleton.
2:29 of 2nd period - Stopped by Garret Sparks with a rebound.
2:35 of 2nd period - Snap shot by J.T. Brown.
2:35 of 2nd period - Shot Misses the Net.
2:37 of 2nd period - Slapshot by T.J. Brennan.
2:37 of 2nd period - Stopped by Cal Petersen with a rebound.
2:39 of 2nd period - Wrist shot by T.J. Brennan.
2:39 of 2nd period - Shot Misses the Net.
2:41 of 2nd period - Snap shot by Joe Gambardella.
2:41 of 2nd period - Stopped by Cal Petersen with a rebound.
2:55 of 2nd period - Wrist shot by Trevor Moore.
2:55 of 2nd period - Stopped by Cal Petersen with a rebound.
2:57 of 2nd period - Wrist shot by Trevor Moore.
2:57 of 2nd period - Stopped by Cal Petersen with a rebound.
3:13 of 2nd period - Wrist shot by J.T. Brown.
3:13 of 2nd period - Stopped by Cal Petersen with a rebound.
3:31 of 2nd period - Slapshot by J.T. Brown.
3:31 of 2nd period - Shot Misses the Net.
3:33 of 2nd period - Wrist shot by Trevor Moore.
3:33 of 2nd period - Shot Misses the Net.
3:35 of 2nd period - Wrist shot by J.T. Brown.
3:35 of 2nd period - Stopped by Cal Petersen without a rebound.
3:36 of 2nd period - Dennis Rasmussen wins face-off versus Sam Anas in Lowell Devils zone.
4:48 of 2nd period - Marcus Sorensen is hit by Chris Terry.
4:52 of 2nd period - Dan Renouf is hit by Marcus Sorensen and loses puck.
7:33 of 2nd period - Slapshot by Jordan Szwarz.
7:33 of 2nd period - Shot Misses the Net.
7:35 of 2nd period - Slapshot by Jordan Szwarz.
7:35 of 2nd period - Stopped by Garret Sparks with a rebound.
8:29 of 2nd period - Andreas Borgman is hit by Jannik Hansen and loses puck.
9:10 of 2nd period - Snap shot by Adam Gaudette.
9:10 of 2nd period - Stopped by Garret Sparks with a rebound.
9:28 of 2nd period - Slapshot by Trevor Moore.
9:28 of 2nd period - Shot Misses the Net.
9:30 of 2nd period - Snap shot by Joe Gambardella.
9:30 of 2nd period - Shot Misses the Net.
9:54 of 2nd period - Travis Morin is hit by Trevor Murphy and loses puck.
10:07 of 2nd period - Wrist shot by Mason Appleton.
10:07 of 2nd period - Stopped by Garret Sparks without a rebound.
10:08 of 2nd period - Dennis Rasmussen wins face-off versus Trevor Smith in Calgary Hitman zone.
10:43 of 2nd period - Snap shot by Adam Gaudette.
10:43 of 2nd period - Shot Blocked by Matt Taormina.
10:45 of 2nd period - Wrist shot by Sam Anas.
10:45 of 2nd period - Deflect By Spencer Abbott.
10:45 of 2nd period - Shot Misses the Net.
10:45 of 2nd period - Puck is out of play.
10:46 of 2nd period - Tyler Gaudet wins face-off versus Dennis Rasmussen in Calgary Hitman zone.
10:47 of 2nd period - Wrist shot by Daniel O'Regan.
10:47 of 2nd period - Shot Misses the Net.
10:49 of 2nd period - Wrist shot by Kevin Connauton.
10:49 of 2nd period - Stopped by Garret Sparks with a rebound.
10:51 of 2nd period - Wrist shot by C.J. Smith.
10:51 of 2nd period - Stopped by Garret Sparks without a rebound.
10:52 of 2nd period - Dennis Rasmussen wins face-off versus Tyler Gaudet in Calgary Hitman zone.
11:01 of 2nd period - Kevin Connauton is hit by Marcus Sorensen and loses puck.
11:12 of 2nd period - Marcus Sorensen is hit by C.J. Smith and loses puck.
11:19 of 2nd period - Snap shot by C.J. Smith.
11:19 of 2nd period - Shot Blocked by Andrej Sustr.
11:21 of 2nd period - Slapshot by Kevin Connauton.
11:21 of 2nd period - Stopped by Garret Sparks with a rebound.
11:23 of 2nd period - Wrist shot by C.J. Smith.
11:23 of 2nd period - Stopped by Garret Sparks with a rebound.
11:25 of 2nd period - Slapshot by Andreas Borgman.
11:25 of 2nd period - Stopped by Garret Sparks without a rebound.
11:26 of 2nd period - Chris Terry wins face-off versus Spencer Abbott in Calgary Hitman zone.
11:51 of 2nd period - Joe Gambardella is hit by Mason Appleton and loses puck.
12:11 of 2nd period - Liam O'Brien is hit by Mason Appleton and loses puck.
12:16 of 2nd period - Wrist shot by Jordan Szwarz.
12:16 of 2nd period - Stopped by Garret Sparks without a rebound.
12:17 of 2nd period - Dennis Rasmussen wins face-off versus Sam Anas in Calgary Hitman zone.
12:26 of 2nd period - Snap shot by Nick Lappin.
12:26 of 2nd period - Goal by Nick Lappin - Lowell Devils : 2 - Calgary Hitman : 1.
12:27 of 2nd period - Sam Anas wins face-off versus Dennis Rasmussen in neutral zone.
12:55 of 2nd period - Off-side.
12:56 of 2nd period - Trevor Smith wins face-off versus Joe Gambardella in neutral zone.
12:59 of 2nd period - Snap shot by Mason Appleton.
12:59 of 2nd period - Shot Misses the Net.
13:01 of 2nd period - Slapshot by Trevor Murphy.
13:01 of 2nd period - Stopped by Garret Sparks with a rebound.
13:03 of 2nd period - Slapshot by Mason Appleton.
13:03 of 2nd period - Deflect By Matt Taormina.
13:03 of 2nd period - Stopped by Garret Sparks with a rebound.
13:05 of 2nd period - Slapshot by Trevor Murphy.
13:05 of 2nd period - Stopped by Garret Sparks without a rebound.
13:06 of 2nd period - Dennis Rasmussen wins face-off versus Trevor Smith in Calgary Hitman zone.
13:25 of 2nd period - Slapshot by Trevor Smith.
13:25 of 2nd period - Stopped by Garret Sparks with a rebound.
14:25 of 2nd period - Backhand shot by Marcus Sorensen.
14:25 of 2nd period - Goal by Marcus Sorensen - Lowell Devils : 2 - Calgary Hitman : 2.
14:26 of 2nd period - Sam Anas wins face-off versus Travis Morin in neutral zone.
14:41 of 2nd period - Slapshot by T.J. Brennan.
14:41 of 2nd period - Shot Blocked by Andreas Borgman.
14:55 of 2nd period - Slapshot by J.T. Brown.
14:55 of 2nd period - Stopped by Cal Petersen with a rebound.
15:16 of 2nd period - Conor Garland is hit by Chris Conner and loses puck.
15:21 of 2nd period - Snap shot by Chris Conner.
15:21 of 2nd period - Shot Blocked by Conor Garland.
15:23 of 2nd period - Snap shot by Calvin Thurkauf.
15:23 of 2nd period - Shot Blocked by Gavin Bayreuther.
15:25 of 2nd period - Snap shot by Liam O'Brien.
15:25 of 2nd period - Shot Blocked by Conor Garland.
15:59 of 2nd period - Snap shot by Daniel O'Regan.
15:59 of 2nd period - Stopped by Garret Sparks without a rebound.
16:00 of 2nd period - Calvin Thurkauf wins face-off versus Sam Anas in Calgary Hitman zone.
16:26 of 2nd period - Icing by Kevin Connauton.
16:27 of 2nd period - Trevor Smith wins face-off versus Dennis Rasmussen in Lowell Devils zone.
17:11 of 2nd period - Slapshot by Andrej Sustr.
17:11 of 2nd period - Stopped by Cal Petersen with a rebound.
17:13 of 2nd period - Wrist shot by Liam O'Brien.
17:13 of 2nd period - Stopped by Cal Petersen without a rebound.
17:14 of 2nd period - Calvin Thurkauf wins face-off versus Tyler Gaudet in Lowell Devils zone.
17:15 of 2nd period - Backhand shot by Chris Conner.
17:15 of 2nd period - Stopped by Cal Petersen with a rebound.
17:20 of 2nd period - Off-side.
17:21 of 2nd period - Dennis Rasmussen wins face-off versus Trevor Smith in neutral zone.
17:56 of 2nd period - Snap shot by C.J. Smith.
17:56 of 2nd period - Shot Blocked by T.J. Brennan.
17:58 of 2nd period - Wrist shot by C.J. Smith.
17:58 of 2nd period - Stopped by Garret Sparks without a rebound.
17:59 of 2nd period - Sam Anas wins face-off versus Joe Gambardella in Calgary Hitman zone.
18:00 of 2nd period - Wrist shot by Adam Gaudette.
18:00 of 2nd period - Shot Misses the Net.
18:02 of 2nd period - Wrist shot by Sam Anas.
18:02 of 2nd period - Shot Misses the Net.
18:04 of 2nd period - Backhand shot by Chris Terry.
18:04 of 2nd period - Shot Misses the Net.
18:06 of 2nd period - Slapshot by Sam Anas.
18:06 of 2nd period - Shot Blocked by Kevin Gravel.
18:08 of 2nd period - Slapshot by Kevin Connauton.
18:08 of 2nd period - Deflect By Matt Taormina.
18:08 of 2nd period - Stopped by Garret Sparks without a rebound.
18:09 of 2nd period - Joe Gambardella wins face-off versus Sam Anas in Calgary Hitman zone.
18:29 of 2nd period - Snap shot by Sam Anas.
18:29 of 2nd period - Shot Misses the Net.
18:31 of 2nd period - Slapshot by Kevin Connauton.
18:31 of 2nd period - Shot Blocked by Trevor Moore.
18:33 of 2nd period - Snap shot by Sam Anas.
18:33 of 2nd period - Shot Blocked by Matt Taormina.
18:35 of 2nd period - Slapshot by Andreas Borgman.
18:35 of 2nd period - Deflect By Adam Gaudette.
18:35 of 2nd period - Deflect By Joe Gambardella.
18:35 of 2nd period - Shot Blocked by Kevin Gravel.
18:35 of 2nd period - Puck is out of play.
18:36 of 2nd period - Dennis Rasmussen wins face-off versus Trevor Smith in Calgary Hitman zone.
19:12 of 2nd period - Snap shot by Jannik Hansen.
19:12 of 2nd period - Shot Blocked by Andy Welinski.
19:34 of 2nd period - Slapshot by Trevor Moore.
19:34 of 2nd period - Stopped by Cal Petersen without a rebound.
19:35 of 2nd period - Trevor Smith wins face-off versus Dennis Rasmussen in Lowell Devils zone.
19:44 of 2nd period - Wrist shot by Mason Appleton.
19:44 of 2nd period - Shot Misses the Net.
19:46 of 2nd period - Snap shot by Mason Appleton.
19:46 of 2nd period - Stopped by Garret Sparks with a rebound.
19:48 of 2nd period - Wrist shot by Trevor Smith.
19:48 of 2nd period - Shot Misses the Net.
19:50 of 2nd period - Snap shot by Mason Appleton.
19:50 of 2nd period - Shot Blocked by T.J. Brennan.
Goals for this period are 1 for Lowell Devils vs 2 for Calgary Hitman.
Shots for this period are 22 for Lowell Devils vs 14 for Calgary Hitman.

3rd period


0:01 of 3rd period - Nick Lappin wins face-off versus Trevor Smith in neutral zone.
0:28 of 3rd period - Sam Anas is hit by J.T. Brown.
0:37 of 3rd period - Adam Gaudette is hit by Trevor Moore.
1:45 of 3rd period - Wrist shot by Trevor Smith.
1:45 of 3rd period - Deflect By Mason Appleton.
1:45 of 3rd period - Shot Blocked by Jakub Jerabek.
1:45 of 3rd period - Puck is out of play.
1:46 of 3rd period - Adam Gaudette wins face-off versus Dennis Rasmussen in Calgary Hitman zone.
1:59 of 3rd period - Backhand shot by Dennis Rasmussen.
1:59 of 3rd period - Stopped by Cal Petersen with a rebound.
2:01 of 3rd period - Snap shot by Nick Lappin.
2:01 of 3rd period - Deflect By Dennis Rasmussen.
2:01 of 3rd period - Shot Misses the Net.
2:01 of 3rd period - Puck is out of play.
2:02 of 3rd period - Trevor Smith wins face-off versus Travis Morin in Lowell Devils zone.
2:09 of 3rd period - Wrist shot by Spencer Abbott.
2:09 of 3rd period - Shot Misses the Net.
2:11 of 3rd period - Wrist shot by Jannik Hansen.
2:11 of 3rd period - Shot Blocked by Trevor Murphy.
2:13 of 3rd period - Wrist shot by Travis Morin.
2:13 of 3rd period - Shot Blocked by Andy Welinski.
2:24 of 3rd period - Icing by Andy Welinski.
2:25 of 3rd period - Dennis Rasmussen wins face-off versus Trevor Smith in Lowell Devils zone.
2:38 of 3rd period - Snap shot by Marcus Sorensen.
2:38 of 3rd period - Stopped by Cal Petersen without a rebound.
2:39 of 3rd period - Sam Anas wins face-off versus Travis Morin in Lowell Devils zone.
2:39 of 3rd period - Sam Anas is hit by Jannik Hansen.
3:36 of 3rd period - Slapshot by C.J. Smith.
3:36 of 3rd period - Shot Hit the Post.
3:38 of 3rd period - Backhand shot by C.J. Smith.
3:38 of 3rd period - Stopped by Garret Sparks with a rebound.
3:40 of 3rd period - Snap shot by Daniel O'Regan.
3:40 of 3rd period - Deflect By C.J. Smith.
3:40 of 3rd period - Shot Blocked by Kevin Gravel.
3:40 of 3rd period - Puck is out of play.
3:41 of 3rd period - Sam Anas wins face-off versus Dennis Rasmussen in Calgary Hitman zone.
3:48 of 3rd period - Snap shot by Chris Terry.
3:48 of 3rd period - Stopped by Garret Sparks with a rebound.
4:03 of 3rd period - Icing by Chris Terry.
4:04 of 3rd period - Sam Anas wins face-off versus Travis Morin in Lowell Devils zone.
4:13 of 3rd period - Slapshot by Travis Morin.
4:13 of 3rd period - Shot Blocked by Mason Appleton.
4:30 of 3rd period - Wrist shot by Adam Gaudette.
4:30 of 3rd period - Stopped by Garret Sparks with a rebound.
4:32 of 3rd period - Wrist shot by Chris Terry.
4:32 of 3rd period - Deflect By Adam Gaudette.
4:32 of 3rd period - Shot Blocked by Matt Bartkowski.
4:32 of 3rd period - Puck is out of play.
4:33 of 3rd period - Dennis Rasmussen wins face-off versus Sam Anas in Calgary Hitman zone.
4:42 of 3rd period - Snap shot by Nick Lappin.
4:42 of 3rd period - Stopped by Cal Petersen without a rebound.
4:43 of 3rd period - Sam Anas wins face-off versus Dennis Rasmussen in Lowell Devils zone.
4:43 of 3rd period - Sam Anas is hit by Nick Lappin.
4:55 of 3rd period - Slapshot by Nick Lappin.
4:55 of 3rd period - Shot Misses the Net.
5:15 of 3rd period - Snap shot by J.T. Brown.
5:15 of 3rd period - Goal by J.T. Brown - Lowell Devils : 2 - Calgary Hitman : 3.
5:16 of 3rd period - Dennis Rasmussen wins face-off versus Trevor Smith in neutral zone.
5:41 of 3rd period - Andreas Borgman is hit by Travis Morin and loses puck.
6:06 of 3rd period - Snap shot by Jakub Jerabek.
6:06 of 3rd period - Stopped by Cal Petersen with a rebound.
6:16 of 3rd period - Slapshot by C.J. Smith.
6:16 of 3rd period - Stopped by Garret Sparks with a rebound.
6:32 of 3rd period - Mason Appleton is hit by Calvin Thurkauf and loses puck.
6:59 of 3rd period - Slapshot by Conor Garland.
6:59 of 3rd period - Shot Misses the Net.
7:01 of 3rd period - Slapshot by Andy Welinski.
7:01 of 3rd period - Shot Blocked by Andrej Sustr.
7:40 of 3rd period - Wrist shot by Trevor Moore.
7:40 of 3rd period - Shot Misses the Net.
7:42 of 3rd period - Slapshot by T.J. Brennan.
7:42 of 3rd period - Shot Misses the Net.
7:59 of 3rd period - Chris Conner is hit by Andreas Borgman and loses puck.
8:20 of 3rd period - Slapshot by Nick Lappin.
8:20 of 3rd period - Stopped by Cal Petersen with a rebound.
8:22 of 3rd period - Snap shot by Marcus Sorensen.
8:22 of 3rd period - Stopped by Cal Petersen without a rebound.
8:23 of 3rd period - Sam Anas wins face-off versus Travis Morin in Lowell Devils zone.
8:34 of 3rd period - Wrist shot by Spencer Abbott.
8:34 of 3rd period - Shot Misses the Net.
8:36 of 3rd period - Slapshot by Spencer Abbott.
8:36 of 3rd period - Shot Misses the Net.
8:38 of 3rd period - Snap shot by Travis Morin.
8:38 of 3rd period - Stopped by Cal Petersen without a rebound.
8:39 of 3rd period - Dennis Rasmussen wins face-off versus Trevor Smith in Lowell Devils zone.
8:52 of 3rd period - Snap shot by Nick Lappin.
8:52 of 3rd period - Shot Misses the Net.
8:54 of 3rd period - Slapshot by Matt Bartkowski.
8:54 of 3rd period - Shot Blocked by Trevor Smith.
10:15 of 3rd period - Snap shot by Mason Appleton.
10:15 of 3rd period - Shot Blocked by Kevin Gravel.
10:21 of 3rd period - Snap shot by Trevor Smith.
10:21 of 3rd period - Deflect By Jordan Szwarz.
10:21 of 3rd period - Shot Blocked by Matt Taormina.
10:21 of 3rd period - Puck is out of play.
10:22 of 3rd period - Dennis Rasmussen wins face-off versus Sam Anas in Calgary Hitman zone.
10:31 of 3rd period - Slapshot by Matt Bartkowski.
10:31 of 3rd period - Shot Blocked by Kevin Connauton.
10:47 of 3rd period - Mason Appleton is hit by Travis Morin.
11:00 of 3rd period - Icing by Spencer Abbott.
11:01 of 3rd period - Sam Anas wins face-off versus Travis Morin in Calgary Hitman zone.
11:32 of 3rd period - Jordan Szwarz is hit by Jakub Jerabek and loses puck.
12:04 of 3rd period - Slapshot by Liam O'Brien.
12:04 of 3rd period - Shot Misses the Net.
13:31 of 3rd period - Andrew Mangiapane is hit by Marcus Sorensen.
14:14 of 3rd period - Slapshot by Matt Bartkowski.
14:14 of 3rd period - Deflect By Conor Garland.
14:14 of 3rd period - Stopped by Cal Petersen without a rebound.
14:15 of 3rd period - Trevor Smith wins face-off versus Joe Gambardella in Lowell Devils zone.
14:15 of 3rd period - Trevor Smith is hit by Joe Gambardella.
15:46 of 3rd period - Trevor Murphy is hit by Marcus Sorensen and loses puck.
15:51 of 3rd period - Snap shot by Marcus Sorensen.
15:51 of 3rd period - Stopped by Cal Petersen with a rebound.
16:00 of 3rd period - Icing by Nick Lappin.
16:01 of 3rd period - Sam Anas wins face-off versus Joe Gambardella in Calgary Hitman zone.
16:24 of 3rd period - Nick Lappin is hit by Dan Renouf and loses puck.
17:31 of 3rd period - Slapshot by Andrej Sustr.
17:31 of 3rd period - Deflect By Trevor Moore.
17:31 of 3rd period - Shot Misses the Net.
17:31 of 3rd period - Puck is out of play.
17:32 of 3rd period - Sam Anas wins face-off versus Joe Gambardella in Lowell Devils zone.
17:42 of 3rd period - Off-side.
17:43 of 3rd period - C.J. Smith wins face-off versus Dennis Rasmussen in neutral zone.
17:46 of 3rd period - Slapshot by Kevin Connauton.
17:46 of 3rd period - Shot Blocked by T.J. Brennan.
17:52 of 3rd period - Snap shot by C.J. Smith.
17:52 of 3rd period - Shot Blocked by Dennis Rasmussen.
17:54 of 3rd period - Snap shot by Daniel O'Regan.
17:54 of 3rd period - Shot Hit the Post.
17:56 of 3rd period - Slapshot by Andreas Borgman.
17:56 of 3rd period - Stopped by Garret Sparks with a rebound.
18:08 of 3rd period - Jordan Szwarz is hit by T.J. Brennan and loses puck.
18:37 of 3rd period - Wrist shot by Sam Anas.
18:37 of 3rd period - Shot Blocked by Dennis Rasmussen.
18:39 of 3rd period - Backhand shot by Andreas Borgman.
18:39 of 3rd period - Shot Misses the Net.
18:41 of 3rd period - Slapshot by Kevin Connauton.
18:41 of 3rd period - Shot Blocked by Marcus Sorensen.
18:43 of 3rd period - Wrist shot by Andreas Borgman.
18:43 of 3rd period - Stopped by Garret Sparks with a rebound.
18:45 of 3rd period - Slapshot by Kevin Connauton.
18:45 of 3rd period - Stopped by Garret Sparks with a rebound.
18:47 of 3rd period - Slapshot by Kevin Connauton.
18:47 of 3rd period - Deflect By Dennis Rasmussen.
18:47 of 3rd period - Stopped by Garret Sparks with a rebound.
19:17 of 3rd period - Trevor Smith is hit by Matt Taormina and loses puck.
19:42 of 3rd period - Lowell Devils, Cal Petersen is pulled from the net.
19:50 of 3rd period - Snap shot by Spencer Abbott.
19:50 of 3rd period - Shot Misses the Net.
19:52 of 3rd period - Wrist shot by Travis Morin.
19:52 of 3rd period - Goal by Travis Morin - Lowell Devils : 2 - Calgary Hitman : 4.
19:52 of 3rd period - Cal Petersen from Lowell Devils was sent back in the game.
19:53 of 3rd period - C.J. Smith wins face-off versus Nick Lappin in neutral zone.
Goals for this period are 0 for Lowell Devils vs 2 for Calgary Hitman.
Shots for this period are 8 for Lowell Devils vs 11 for Calgary Hitman.